 Dungeon Crawl Stone Soup version 0.30-a0-591-g3c58d2bc28 (webtiles) character file.

Game seed: 17824630650985901381

84455 gelatine the Fighter (level 15, -13/126 HPs)
             Began as a Demonspawn Gladiator on Jan 5, 2023.
             Was the Champion of Qazlal.
             Mangled by a spriggan rider
             ... wielding a +0 spear of distortion
              (24 damage)
             ... on level 4 of the Swamp.
             The game lasted 01:15:04 (21094 turns).

gelatine the Fighter (Demonspawn Gladiator)        Turns: 21094, Time: 01:15:05

Health: -13/126    AC: 37    Str: 31    XL:     15   Next: 35%
Magic:  0/23       EV: 14    Int:  5    God:    Qazlal [******]
Gold:   1766       SH:  8    Dex: 18    Spells: 18/18 levels left

rFire   + . .      SeeInvis .    V - +0 battleaxe (flame)
rCold   . . .      Faith    .    (shield currently unavailable)
rNeg    . . .      Spirit   +    h - +3 chain mail
rPois   .          Reflect  .    (helmet unavailable)
rElec   .          Harm     .    s - +2 cloak
rCorr   .          Rampage  .    A - +2 pair of gloves
Will    +....                    U - +1 pair of boots Stlth
                                 y - amulet of guardian spirit
HPRegen 0.41/turn                H - +6 ring of strength
MPRegen 0.18/turn                e - +4 ring of protection

@: protected from fire, sanguine armoured, studying Fighting, invisible, repel
missiles, unable to read
A: horns 3, ignite blood 3, sanguine armour 2, agile 1, dopey 1, strong 1,
inability to read after injury 1
a: Renounce Religion, Upheaval, Elemental Force, Disaster Area


You were on level 4 of the Swamp.
You worshipped Qazlal.
Qazlal was exalted by your worship.
You visited 5 branches of the dungeon, and saw 21 of its levels.
You also visited: Ice Cave and Volcano.

You collected 1787 gold pieces.
You spent 21 gold pieces at shops.

Inventory:

Hand Weapons
 u - the +8 lajatang "Gram" {vamp, rPois Int+4}
   (You found it in an ice cave)

   Int:       It affects your intelligence (+4).
   rPois:     It protects you from poison.
 L - a +0 broad axe
 S - a +0 war axe of flaming
 V - a +0 battleaxe of flaming (weapon)
 Y - a +2 demon trident of electrocution
Missiles
 d - 3 throwing nets
 B - 6 boomerangs of dispersal
 C - 6 javelins
 J - 15 boomerangs (quivered)
 N - 13 poisoned darts
 T - 4 silver javelins
Armour
 h - a +3 chain mail (worn)
 s - a +2 cloak (worn)
 A - a +2 pair of gloves (worn)
 U - a +1 pair of boots (worn)
 W - a +0 plate armour of poison resistance
Jewellery
 a - a ring of fire
 c - a ring of ice
 e - a +4 ring of protection (right hand)
 y - an amulet of guardian spirit (around neck)
 G - the ring "Jotuuqad" {rF- rN+ Dex+6 Stlth+}
   (You found it on level 2 of the Lair of Beasts)

   [ring of dexterity]

   Dex:       It affects your dexterity (+6).
   rF:        It makes you vulnerable to fire.
   rN:        It protects you from negative energy.
   Stlth:     It makes you more stealthy.
 H - a +6 ring of strength (left hand)
 M - a ring of protection from fire
 O - a ring of see invisible
 Z - a +6 ring of intelligence
Wands
 g - a wand of digging (18)
 w - a wand of charming (13)
 P - a wand of polymorph (15)
 R - a wand of light (2)
 X - a wand of roots (10)
Scrolls
 j - 11 scrolls of teleportation
 k - 4 scrolls of poison
 n - 2 scrolls of fear
 o - 3 scrolls of magic mapping
 p - 4 scrolls of fog
 r - 4 scrolls of enchant weapon
 x - a scroll of summoning
 Q - a scroll of blinking
Potions
 f - a potion of lignification
 i - 3 potions of curing
 l - a potion of cancellation
 m - 6 potions of brilliance
 q - 5 potions of mutation
 t - 3 potions of flight
 z - 2 potions of invisibility
 D - 4 potions of magic
 E - 6 potions of attraction
 F - 2 potions of haste
 I - 3 potions of might
 K - 2 potions of resistance
Miscellaneous
 b - a condenser vane (inert)


   Skills:
 * Level 14.3 Fighting
 + Level 13.9(14.2) Axes
 + Level 4.3(10.1) Polearms
 + Level 1.6(3.2) Staves
 + Level 4.5 Throwing
 * Level 10.3 Armour
 * Level 9.3 Dodging
 + Level 1.8 Stealth
 * Level 7.8 Shields
 + Level 2.4 Spellcasting
 * Level 11.3 Invocations
 + Level 5.8 Evocations


You had 18 spell levels left.
You didn't know any spells.
Your spell library contained the following spells:

 Spells                   Type           Power      Damage    Failure   Level
 Freeze                   Ice            0%         1d3       83%         1
 Summon Small Mammal      Summ           0%         N/A       83%         1
 Cigotuvi's Dreadful Rot  Necr/Pois/Air  0%         N/A       93%         2
 Ensorcelled Hibernation  Hex/Ice        0%         N/A       93%         2
 Passwall                 Tmut/Erth      0%         N/A       93%         2
 Poisonous Vapours        Pois/Air       0%         N/A       93%         2
 Sublimation of Blood     Necr           0%         N/A       93%         2
 Wereblood                Tmut           0%         N/A       93%         2
 Call Canine Familiar     Summ           0%         N/A       99%         3
 Frozen Ramparts          Ice            0%         1d1       99%         3
 Hailstorm                Conj/Ice       0%         3d3       99%         3
 Kindle Blastsparks       Fire/Tloc/Air  0%         2d10      99%         3
 Mephitic Cloud           Conj/Pois/Air  0%         N/A       99%         3
 Summon Guardian Golem    Hex/Summ       0%         N/A       99%         3
 Swiftness                Air            0%         N/A       99%         3
 Animate Dead             Necr           0%         N/A       100%        4
 Fulminant Prism          Conj/Hex       0%         3d5       100%        4
 Iskenderun's Mystic Bla  Conj/Tloc      0%         2d3       100%        4
 Borgnjor's Vile Clutch   Necr/Erth      0%         N/A       100%        5
 Lee's Rapid Deconstruct  Erth           0%         3d4*      100%        5
 Summon Forest            Summ/Tloc      0%         N/A       100%        5
 Summon Mana Viper        Hex/Summ       0%         N/A       100%        5
 Death Channel            Necr           0%         N/A       100%        6
 Summon Cactus Giant      Summ           0%         N/A       100%        6
 Summon Hydra             Summ           0%         N/A       100%        7


Dungeon Overview and Level Annotations

Branches:
Dungeon (10/15)            Temple (1/1) D:5            Lair (5/5) D:10
  Swamp (4/4) Lair:2        Snake (0/4) Lair:3        Slime (1/5) Lair:5
  IceCv (visited)         Volcano (visited)
    Orc: D:9-12

Altars:
Ashenzari
Cheibriados
Dithmenos
Fedhas
Gozag
Hepliaklqana
Kikubaaqudgha
Makhleb
Nemelex Xobeh
Okawaru
Qazlal
Ru
Sif Muna
Trog
Uskayaw
Vehumet
Wu Jian
Xom
Yredelemnul
Jiyva

Shops:
D:6 ?*:   D:9 !


Innate Abilities, Weirdness & Mutations

You have a pair of large horns on your head.
Your demonic aura causes all spilled blood to erupt in flames.
When seriously injured, your blood forms thick armour. (AC +9)
You are agile. (Dex +4, Str/Int -1)
You are dopey. (Int -2)
Your muscles are strong. (Str +4, Int/Dex -1)
You occasionally lose the ability to read scrolls when taking damage.


Message History

* * * LOW HITPOINT WARNING * * *
The foxfire hits you.
Your resistance to physical damage fades away.
You feel protected from fire.
* * * LOW HITPOINT WARNING * * *
The spriggan air mage hits you.
* * * LOW HITPOINT WARNING * * *
You fade into invisibility!
The foxfire hits you! You resist.
* * * LOW HITPOINT WARNING * * *
A bog body comes into view.
The spriggan rider is struck by lightning.
The spriggan rider hits you but does no damage.
Space warps horribly around you!
* * * LOW HITPOINT WARNING * * *
A bog body comes into view.
The spriggan air mage hits you but does no damage.
You feel better.
You hear a roar! x5
A five-headed hydra comes into view.
The spriggan rider is struck by lightning.
The spriggan rider barely misses you.
The spriggan air mage hits you but does no damage.
You feel better.
The five-headed hydra roars!
You block the will-o-the-wisp's attack.
A will-o-the-wisp comes into view.
The will-o-the-wisp blinks!
The spriggan rider hits you but does no damage.
Space warps horribly around you!
* * * LOW HITPOINT WARNING * * *
The spriggan air mage hits you but does no damage.
You feel better.
The five-headed hydra roars!
The will-o-the-wisp barely misses you.
The will-o-the-wisp gestures.
The will-o-the-wisp conjures some foxfire!
The spriggan rider hits you but does no damage.
Space warps horribly around you!!
You die...

♣♣♣~.<~~~~..~#
♣~.~~~§~~§.§.#.
♣♣.~~~.~~~~..~v.
♣♣.~~~..~n~D.~n#
♣.~~~~§~~~.~~~~..
♣~~~~~~~~~.~....
♣...~~.○○n~♣.♣..
♣.~~§°Di~.~..~
♣.~~†.@i§~.... ♣♣
♣~..○.vv......
.♣♣♣♣♣♣♣♣♣♣~.~☼~vv♣♣...♣
~†~~~~~♣.~.~~~~~~~♣ ~.~
÷~..~~...~~~~~~~~~.~~ ~~
~~§.[~.~..§~~~~~~~..~.
~~♣.§~~..~..~~~~~~.~..
~~~~.~~.♣♣.~~~~~~~~~~~
~~..~~...♣~~~~~~~§~~~~


You could see a five-headed hydra (wandering, unable to see you), a swamp dragon
(unable to see you), a spriggan rider, a spriggan air mage (repels missiles), 3
will-o-the-wisps and 3 bog bodies.

Vanquished Creatures
  Bai Suzhen (Swamp:3)
  Frances (Swamp:1)
  A thorn hunter (Swamp:4)
  Kirke (Lair:4)
  2 quicksilver oozes (Slime:1)
  3 eleionomae
  6 bunyips
  Snorg (D:10)
  A shambling mangrove (Swamp:4)
  10 hydras
  A catoblepas (Lair:5)
  2 two-headed ogres (D:9)
  12 alligators
  10 death yaks
  Urug (D:10)
  A hell knight (Volcano)
  A salamander mystic (Volcano)
  A goliath frog (Swamp:2)
  A spriggan druid (Swamp:3)
  3 bog bodies
  2 swamp dragons
  3 will-o-the-wisps
  2 ugly things (IceCv)
  3 salamanders (Volcano)
  2 cyclopes (Volcano)
  6 elephants
  A black mamba (Lair:3)
  2 torpor snails
  4 gargoyles
  2 ice statues (IceCv)
  3 molten gargoyles (Volcano)
  10 cane toads
  A rime drake (Lair:4)
  An unseen horror (D:10)
  A komodo dragon (Lair:4)
  2 trolls (D:10)
  A bloated husk (Swamp:1)
  5 tyrant leeches
  4 polar bears (Lair:5)
  12 hornets
  8 dream sheep
  10 slime creatures (Slime:1)
  2 wraiths
  Eustachio (D:4)
  18 spriggans
  3 wyverns
  2 hogs (Lair:4)
  A human (Lair:4)
  35 yaks
  19 swamp worms
  2 death yak simulacra
  An acid dragon (D:10)
  2 swamp drakes
  20 water moccasins
  4 ice beasts
  7 orc warriors
  5 black bears
  3 ogres
  4 sky beasts
  4 boggarts (Lair:5)
  36 wolves
  The ghost of Splishie the Cutter, an amateur GnWn (D:3)
  3 phantoms
  2 kobold brigands
  11 bullfrogs
  A necrophage (D:7)
  A gnoll sergeant (D:10)
  3 scorpions
  A cane toad simulacrum (Lair:3)
  12 wights
  An elephant simulacrum (IceCv)
  A killer bee (D:6)
  5 electric eels
  6 howler monkeys
  9 orc priests
  5 hounds
  2 jellies
  A gnoll bouda (D:7)
  4 iguanas
  Jessica (D:2)
  10 orc wizards
  A polar bear simulacrum (Lair:3)
  9 hell rats
  A wolf simulacrum (Lair:3)
  13 gnolls
  7 adders
  13 river rats
  2 shadow imps
  2 white imps
  An ufetubus (D:6)
  2 adder zombies (D:3)
  3 worms
  2 dart slugs (D:1)
  59 orcs
  10 endoplasms
  3 giant cockroaches
  10 goblins
  11 hobgoblins
  7 jackals
  14 quokkas
  8 ball pythons
  5 bats
  3 frilled lizards
  19 kobolds
  21 rats
620 creatures vanquished.

Vanquished Creatures (others)
  A human (Lair:4)
  An endoplasm (Lair:5)
  23 foxfires
  16 fungi
  15 plants
56 creatures vanquished.

Grand Total: 676 creatures vanquished

Notes
Turn   | Place    | Note
-------+----------+-------------------------------------------
     0 | D:1      | gelatine the Demonspawn Gladiator began the quest for the
                  | Orb.
     0 | D:1      | Reached XP level 1. HP: 16/16 MP: 1/1
     6 | D:1      | Found a faded altar of an unknown god.
    80 | D:1      | Gained mutation: You have a pair of small horns on your
                  | head. [demonic ancestry]
    80 | D:1      | Reached XP level 2. HP: 20/22 MP: 2/2
   591 | D:1      | Gained mutation: When seriously injured, your blood forms
                  | armour. (AC +9) [demonic ancestry]
   591 | D:1      | Reached XP level 3. HP: 26/27 MP: 3/3
   928 | D:2      | Found a sparkling altar of Nemelex Xobeh.
  1058 | D:2      | Noticed Jessica
  1063 | D:2      | Gained mutation: Your demonic aura sometimes causes spilled
                  | blood to erupt in flames. [demonic ancestry]
  1063 | D:2      | Reached XP level 4. HP: 33/34 MP: 4/4
  1064 | D:2      | Killed Jessica
  1065 | D:2      | Reached skill level 1 in Armour
  1447 | D:3      | Reached XP level 5. HP: 30/39 MP: 3/5
  1584 | D:3      | Found a runed translucent gate.
  1584 | D:3      | Found a runed translucent gate.
  1584 | D:3      | Found a runed translucent gate.
  1584 | D:3      | Noticed Splishie's ghost (amateur GnWn)
  1586 | D:3      | Found a basalt altar of Yredelemnul.
  1625 | D:3      | Killed Splishie's ghost
  2142 | D:4      | Noticed a black bear
  2161 | D:4      | Reached XP level 6. HP: 44/46 MP: 6/6
  2167 | D:4      | Reached skill level 3 in Fighting
  2167 | D:4      | Reached skill level 5 in Axes
  2252 | D:4      | Noticed an ice beast
  2274 | D:4      | Killed an ice beast
  2391 | D:4      | Reached XP level 7. HP: 50/52 MP: 7/7
  2528 | D:4      | Found a radiant altar of Vehumet.
  2528 | D:4      | Noticed Eustachio
  2557 | D:4      | Killed Eustachio
  2768 | D:4      | Found a shadowy altar of Dithmenos.
  2838 | D:5      | Entered Level 5 of the Dungeon
  3261 | D:5      | Found a blossoming altar of Fedhas.
  3262 | D:5      | Found a snail-covered altar of Cheibriados.
  3284 | D:5      | Reached XP level 8. HP: 60/60 MP: 8/8
  3310 | D:5      | Found a staircase to the Ecumenical Temple.
  3325 | Temple   | Entered the Ecumenical Temple
  3412 | Temple   | Became a worshipper of Qazlal Stormbringer
  3703 | D:5      | Reached skill level 4 in Fighting
  3909 | D:5      | Reached * piety under Qazlal
  4293 | D:6      | Found Cihuy's Assorted Antiques.
  4306 | D:6      | Bought a scroll labelled GAMOIT ROT EHEKK for 21 gold
                  | pieces
  4406 | D:6      | Found The Oracle's Delphic Readings.
  4685 | D:6      | Gained mutation: You have a pair of horns on your head.
                  | [demonic ancestry]
  4685 | D:6      | Reached XP level 9. HP: 42/66 MP: 6/9
  4895 | D:6      | Found Piroklirgh's Book Shoppe.
  5083 | D:6      | Reached skill level 5 in Fighting
  5258 | D:6      | Found a sacrificial altar of Ru.
  5373 | D:7      | Reached skill level 1 in Spellcasting
  5373 | D:7      | Reached skill level 1 in Invocations
  5458 | D:7      | Reached skill level 5 in Armour
  5465 | D:7      | Reached ** piety under Qazlal
  5629 | D:7      | Reached skill level 5 in Dodging
  5782 | D:7      | Found a sparkling altar of Nemelex Xobeh.
  6221 | D:7      | Reached skill level 6 in Fighting
  6406 | D:7      | Noticed an angel
  6534 | D:8      | Gained mutation: You have a pair of large horns on your
                  | head. [demonic ancestry]
  6534 | D:8      | Reached XP level 10. HP: 65/77 MP: 10/13
  6541 | D:8      | Reached skill level 1 in Shields
  6542 | D:8      | Reached *** piety under Qazlal
  6543 | D:8      | Reached skill level 1 in Evocations
  7140 | D:8      | Reached skill level 7 in Fighting
  7272 | D:8      | Reached skill level 10 in Axes
  7294 | D:8      | Reached **** piety under Qazlal
  7727 | D:9      | Noticed a two-headed ogre
  7736 | D:9      | Killed a two-headed ogre
  7906 | D:9      | Noticed a two-headed ogre
  7919 | D:9      | Killed a two-headed ogre
  7920 | D:9      | Gained mutation: Your demonic aura often causes spilled
                  | blood to erupt in flames. [demonic ancestry]
  7920 | D:9      | Reached XP level 11. HP: 23/86 MP: 4/14
  8325 | D:9      | Found Soyting's Distillery.
  8349 | D:9      | Identified the +3 ring mail "Rysm" {Rampage rCorr Str-3
                  | Stlth+}
  8380 | D:9      | Reached skill level 5 in Invocations
  9079 | D:10     | Entered Level 10 of the Dungeon
  9208 | D:10     | Noticed a death yak
  9208 | D:10     | Noticed a death yak
  9209 | D:10     | Noticed a death yak
  9209 | D:10     | Noticed a death yak
  9209 | D:10     | Noticed a death yak
  9216 | D:10     | Killed a death yak
  9217 | D:10     | Reached skill level 8 in Fighting
  9218 | D:10     | Killed a death yak
  9221 | D:10     | Killed a death yak
  9224 | D:10     | Killed a death yak
  9226 | D:10     | Killed a death yak
  9227 | D:10     | Reached skill level 1 in Stealth
  9366 | D:10     | Found a staircase to the Lair.
  9433 | D:10     | Noticed Urug
  9446 | D:10     | HP: 4/87 [Urug/+1 demon trident of electrocution (18)]
  9694 | D:10     | Found a hide-covered altar of Uskayaw.
  9768 | D:10     | Killed Urug
  9984 | D:10     | Noticed Snorg
  9997 | D:10     | Killed Snorg
 10000 | D:10     | Reached skill level 9 in Fighting
 10395 | D:10     | Gained mutation: Your demonic aura causes all spilled blood
                  | to erupt in flames. [demonic ancestry]
 10395 | D:10     | Reached XP level 12. HP: 55/95 MP: 11/16
 10649 | Lair:1   | Entered Level 1 of the Lair of Beasts
 10702 | Lair:1   | Reached ***** piety under Qazlal
 10751 | Lair:1   | Reached skill level 1 in Polearms
 10763 | Lair:1   | Reached skill level 5 in Evocations
 11701 | Lair:2   | Identified the ring "Jotuuqad" {rF- rN+ Dex+6 Stlth+}
 12500 | Lair:2   | Found a staircase to the Swamp.
 12767 | Lair:3   | Found a frozen archway.
 12785 | IceCv    | Entered an ice cave
 12963 | IceCv    | Found a transporter.
 12979 | IceCv    | Found a transporter.
 13002 | IceCv    | Reached skill level 10 in Fighting
 13022 | IceCv    | Identified the +8 lajatang "Gram" {vamp, rPois Int+4}
 13629 | Lair:3   | Found a staircase to the Snake Pit.
 13962 | Lair:4   | Reached XP level 13. HP: 103/103 MP: 18/18
 14102 | Lair:4   | Reached skill level 1 in Staves
 14102 | Lair:4   | Reached skill level 5 in Shields
 14207 | Lair:4   | Noticed Kirke
 14217 | Lair:4   | Killed Kirke
 14254 | Lair:4   | Gained mutation: You are agile. (Dex +4, Str/Int -1)
                  | [potion of mutation]
 14254 | Lair:4   | Gained mutation: You are dopey. (Int -2) [potion of
                  | mutation]
 14254 | Lair:4   | Gained mutation: Your muscles are strong. (Str +4, Int/Dex
                  | -1) [potion of mutation]
 14319 | Lair:4   | Found a dark tunnel.
 14324 | Volcano  | Entered a volcano
 14354 | Volcano  | Reached skill level 11 in Fighting
 14839 | Volcano  | Noticed an orb of fire
 14869 | Volcano  | Noticed an orb of fire
 14876 | Volcano  | Reached ****** piety under Qazlal
 15681 | Lair:5   | Entered Level 5 of the Lair of Beasts
 15962 | Lair:5   | Found a viscous altar of Jiyva.
 15972 | Lair:5   | Found a staircase to the Slime Pits.
 16214 | Lair:5   | Gained mutation: When seriously injured, your blood forms
                  | thick armour. (AC +9) [demonic ancestry]
 16214 | Lair:5   | Reached XP level 14. HP: 79/114 MP: 15/20
 16229 | Lair:5   | Reached skill level 12 in Fighting
 17038 | Slime:1  | Entered Level 1 of the Pits of Slime
 17038 | Slime:1  | Noticed a quicksilver ooze
 17039 | Slime:1  | Noticed a quicksilver ooze
 17047 | Slime:1  | Killed a quicksilver ooze
 17048 | Slime:1  | Killed a quicksilver ooze
 17570 | Swamp:1  | Entered Level 1 of the Swamp
 17783 | Swamp:1  | Reached skill level 10 in Invocations
 18276 | Swamp:1  | Noticed Frances
 18282 | Swamp:1  | Gained mutation: You occasionally lose the ability to read
                  | scrolls when taking damage. [a neqoxec]
 18286 | Swamp:1  | Killed Frances
 18287 | Swamp:1  | Reached skill level 13 in Fighting
 19611 | Swamp:3  | Noticed Bai Suzhen
 19635 | Swamp:3  | Killed Bai Suzhen
 19746 | Swamp:3  | Reached XP level 15. HP: 48/125 MP: 15/23
 20131 | Swamp:3  | Reached skill level 10 in Armour
 20149 | Swamp:3  | Reached skill level 14 in Fighting
 20667 | Swamp:4  | Entered Level 4 of the Swamp
 20730 | Swamp:4  | Noticed a thorn hunter
 20954 | Swamp:4  | Killed a thorn hunter
 21091 | Swamp:4  | HP: 1/126 [spriggan rider/+0 spear of distortion (11)]
 21094 | Swamp:4  | Mangled by a spriggan rider

Illustrated notes

Levels and vault maps discovered:
D:1:      spicycebolla_arrival_risky_transporter, layout_rooms,
          ebering_ecumenical_altar_abandoned, minmay_indecisive_spiral
D:2:      minmay_evil_eye, layout_rooms, basic_altar, uniq_jessica
D:3:      layout_loops_ring, nicolae_yredelemnul_ghost_church
D:4:      layout_basic, vehumet_crystals, mainiacjoe_overflow_alcove_1,
          minmay_starry_boxes, uniq_eustachio
D:5:      lemuel_ratsnest, layout_basic, nicolae_overflow_squiral,
          minmay_temple_entry_waves
D:6:      layout_rooms, lemuel_round_altar, serial_shops, shop, shop,
          nicolae_water_bricks, nicolae_nh_oracle_at_delphi
D:7:      layout_loops_ring, zin_angel, nicolae_overflow_crystal_walls,
          kennysheep_generic_room_9
D:8:      layout_loops_ring, special_room [special_room_orc]
D:9:      layout_long_grid, serial_shops, kennysheep_little_box
D:10:     layout_cave_pods, eat_drink_and_be_merry_uskayaw, dpeg_lair_monsters,
          uniq_urug, uniq_snorg
Temple:   nicolae_temple_god_jail
Lair:1:   layout_chaotic_city, dreamdust_mushroom_princess,
          kennysheep_abandoned_house
Lair:2:   layout_regular_city, nicolae_swamp_entry_splash_gauntlet,
          serial_bayou, serial_bayou_crossing, serial_bayou_lake_a,
          serial_bayou_shore_b, serial_bayou_lagoon_b, serial_bayou_shore_b
Lair:3:   layout_roguey, minmay_snake_entry_six_corridors,
          portal_ice_cave_entry_ice_simulacra, lemuel_fruit_tree
Lair:4:   layout_regular_city, enter_volcano_4, serial_bayou_pond_e,
          hangedman_tree_tricks, uniq_kirke
Lair:5:   minmay_lair_end_enchanted_forest, layout_cave_pods,
          nicolae_slime_entry_slimehenge, infiniplex_staircase_pool_2
Swamp:1:  layout_basic_swamp, evilmike_swamp_ruin_house_6, swamp_pool5,
          uniq_frances
Swamp:2:  layout_basic_swamp, evilmike_swamp_ruin_rubble_2, swamp_pool4,
          wheals_swamp_sinkhole
Swamp:3:  layout_basic_swamp, evilmike_swamp_ruin_house_5, swamp_pool1,
          statue_in_the_mist_lemuel, uniq_bai_suzhen
Swamp:4:  grunt_swamp_rune_castle, layout_basic_swamp
Slime:1:  layout_caves

Skill      XL: |  1  2  3  4  5  6  7  8  9 10 11 12 13 14 15 |
---------------+----------------------------------------------+-----
Dodging        | 3 4 5 6 7 8 9 |  9.3
Axes           | 3 4 5 6 8 9 10 11 12 13 | 13.9
Armour         | 1 2 3 4 5 6 7 8 9 10 | 10.3
Fighting       | 3 4 6 7 9 10 11 13 14 | 14.3
Throwing       | 2 3 4 |  4.5
Spellcasting   | 2 |  2.4
Invocations    | 3 4 6 7 9 10 11 | 11.3
Shields        | 2 3 4 6 7 |  7.8
Evocations     | 2 4 5 |  5.8
Stealth        | 1 |  1.8
Polearms       | 3 4 |  4.3
Staves         | 1 |  1.6

Action                   |  1- 3 |  4- 6 |  7- 9 | 10-12 | 13-15 || total
-------------------------+-------+-------+-------+-------+-------++-------
Melee: War axe           |   103 |   139 |   417 |   336 |    64 ||  1059
       Headbutt          |    16 |    19 |    73 |   120 |   118 ||   346
       Punch             |     1 |       |     6 |     7 |       ||    14
       Demon trident     |       |       |       |   143 |    49 ||   192
       Lajatang          |       |       |       |     5 |     6 ||    11
       Battleaxe         |       |       |       |       |   441 ||   441
Throw: Javelin           |       |     1 |       |       |       ||     1
       Throwing net      |       |       |     1 |       |       ||     1
       Boomerang         |       |       |    13 |    75 |    80 ||   168
       Dart              |       |       |       |    26 |       ||    26
Invok: Upheaval          |       |       |       |     1 |       ||     1
       Elemental Force   |       |       |       |       |     1 ||     1
Evoke: Wand              |       |       |       |     5 |       ||     5
       Condenser vane    |       |       |       |       |     1 ||     1
  Use: Scroll            |       |     6 |     3 |    18 |     9 ||    36
       Potion            |       |       |     2 |     8 |    13 ||    23
 Stab: Held in net/web   |       |       |     1 |       |       ||     1
       Invisible         |       |       |       |     2 |       ||     2
       Paralysed         |       |       |       |       |     2 ||     2
Armor: Leather armour    |    38 |       |       |       |       ||    38
       Chain mail        |     3 |    86 |   299 |   220 |   433 ||  1041
Dodge: Dodged            |    60 |    51 |   176 |   218 |   335 ||   840
       Repelled          |       |       |       |     7 |    16 ||    23
Block: Other             |       |       |    21 |   109 |   229 ||   359

Table legend: (Time is in decaauts)
 A = Elapsed time spent in this place.
 B = Non-inter-level travel time spent in this place.
 C = Inter-level travel time spent in this place.
 D = Time resting spent in this place.
 E = Time spent auto-exploring this place.
 F = Levels seen in this place.
 G = Mean time per level.
                   A        B        C        D        E       F      G
               +--------+--------+--------+--------+--------+-----+--------+
         Total |  21477 |  20433 |   1044 |    300 |  15803 |  23 |  933.8 |
       Dungeon |  10683 |  10035 |    648 |      0 |   7681 |  10 | 1068.3 |
        Temple |     96 |     88 |      8 |      0 |     44 |   1 |   96.0 |
          Lair |   5465 |   5208 |    257 |      0 |   4287 |   5 | 1093.0 |
         Swamp |   3324 |   3214 |    110 |      0 |   2562 |   4 |  831.0 |
    Slime Pits |    420 |    399 |     21 |      0 |    374 |   1 |  420.0 |
      Ice Cave |    703 |    703 |      0 |    300 |    301 |   1 |  703.0 |
       Volcano |    783 |    783 |      0 |      0 |    553 |   1 |  783.0 |
               +--------+--------+--------+--------+--------+-----+--------+

Top non-repeatable levels by time:
  Lair:2: 1611 daAuts
    D:10: 1567 daAuts
     D:5: 1407 daAuts
  Lair:5: 1403 daAuts
 Swamp:3: 1342 daAuts
     D:8: 1327 daAuts
     D:7: 1159 daAuts
     D:6: 1131 daAuts
 Swamp:2: 1115 daAuts
  Lair:4: 1027 daAuts
     D:9: 999 daAuts
     D:3: 873 daAuts
     D:4: 828 daAuts
 Volcano: 783 daAuts
  Lair:1: 766 daAuts
